 Dungeon Crawl Stone Soup version 0.31.0-32-g396128a36d (webtiles) character file.

Game seed: 6647276670071456434

140 Lyanoward the Trooper (level 5, -5/34 HPs)
             Began as a Gargoyle Fighter on Mar 22, 2024.
             Slain by Duvessa
             ... wielding a +1 short sword of speed
              (8 damage)
             ... on level 4 of the Dungeon on Mar 24, 2024.
             The game lasted 00:10:32 (2614 turns).

Lyanoward the Trooper (Gargoyle Fighter)            Turns: 2614, Time: 00:10:32

Health: -5/34      AC: 14    Str: 21    XL:     5   Next: 22%
Magic:  5/5        EV:  9    Int:  9    God:
Gold:   124        SH:  4    Dex:  9    Spells: 4/4 levels left

rFire   . . .        a - +0 flail
rCold   . . .        c - +0 buckler
rNeg    + . .        b - +0 scale mail
rPois   ∞            (no helmet)
rElec   +            o - +0 cloak
rCorr   .            j - +0 pair of gloves
SInv    .            e - +0 pair of boots
Will    .....        (no amulet) Stlth
                     (no ring)
HPRegen 0.25/turn    (no ring)
MPRegen 0.09/turn

%: no passive effects
@: lit by a corona, glowing
A: sickness immunity, AC +4, negative energy resistance 1, electricity
resistance, torment resistance 1, petrification resistance
a: no special abilities


You were on level 4 of the Dungeon.
You visited 1 branch of the dungeon, and saw 4 of its levels.

You collected 124 gold pieces.

Inventory:

Hand Weapons
 a - a +0 flail (weapon)
 n - the +11 sling "Inuvoel" {elec, Will+ Str+2}
   (You took it off a goblin on level 3 of the Dungeon)

   Str+2:     It affects your strength (+2).
   Will+:     It increases your willpower.
Missiles
 k - 7 boomerangs (quivered)
Armour
 b - a +0 scale mail (worn)
 c - a +0 buckler (worn)
 e - a +0 pair of boots (worn)
 j - a +0 pair of gloves (worn)
 o - a +0 cloak (worn)
Jewellery
 l - a ring of wizardry
Scrolls
 d - a scroll of summoning {unknown}
 i - a scroll of blinking {unknown}
 m - a scroll of immolation {unknown}
Potions
 f - a potion of haste {unknown}
 g - 3 potions of degeneration {unknown}
 h - a potion of enlightenment {unknown}


   Skills:
 * Level 4.6 Fighting
 + Level 3.3 Maces & Flails
 + Level 3.9 Armour
 + Level 0.8 Dodging
 + Level 3.5 Shields


You had 4 spell levels left.
You didn't know any spells.
Your spell library contained the following spells:

 Spells                   Type           Power      Damage    Failure   Level
 Freeze                   Ice            0%         1d3       80%         1
 Call Canine Familiar     Summ           0%         N/A       99%         3
 Frozen Ramparts          Ice            0%         1d1       99%         3
 Hailstorm                Conj/Ice       0%         3d5       99%         3
 Sigil of Binding         Hex            0%         N/A       99%         3
 Dimensional Bullseye     Hex/Tloc       0%         N/A       100%        4
 Chain Lightning          Conj/Air       0%         N/A       100%        9
 Fire Storm               Conj/Fire      0%         5d1       100%        9
 Shatter                  Erth           0%         3d5*      100%        9


Dungeon Overview and Level Annotations

Branches:
Dungeon (4/15)
 Temple: D:4-7

Altars:
Dithmenos

Annotations:
D:4 Dowan, Duvessa


Innate Abilities, Weirdness & Mutations

You are immune to sickness and miasma.
Your stone body is resilient. (AC +4)
You are immune to poison.
You resist negative energy. (rN+)
You are resistant to electric shocks. (rElec)
You are resistant to unholy torment.
You are immune to petrification.


Message History

Duvessa is almost dead.
Dowan hits you but does no damage. The phantom hits you.
* * * LOW HITPOINT WARNING * * *
Duvessa hits you but does no damage.
You barely miss Duvessa.
Duvessa is almost dead.
Dowan hits you but does no damage.
The phantom hits you but does no damage.
Duvessa hits you but does no damage. Duvessa closely misses you.
The phantom hits you.
* * * LOW HITPOINT WARNING * * *
The phantom blinks!
You blink.
Dowan points at you and mumbles some strange words.
You are outlined in light.
The phantom attacks as it pursues you!
The phantom hits you but does no damage.
Dowan mumbles some strange words.
Dowan blinks!
The phantom barely misses you.
Duvessa says, "When magic and the sword combine, nothing stands against them."
The phantom attacks as it pursues you!
The phantom hits you but does no damage.
Duvessa says, "When magic and the sword combine, nothing stands against them."
The phantom attacks as it pursues you! The phantom completely misses you.
The phantom attacks as it pursues you!
The phantom hits you but does no damage.
Duvessa attacks as she pursues you! Duvessa barely misses you.
Duvessa attacks as she pursues you!
Duvessa hits you with a +1 short sword of speed.
* * * LOW HITPOINT WARNING * * *
Duvessa attacks as she pursues you!
Duvessa hits you with a +1 short sword of speed.
* * * LOW HITPOINT WARNING * * *
Duvessa attacks as she pursues you!
Duvessa hits you with a +1 short sword of speed.
* * * LOW HITPOINT WARNING * * *
Duvessa attacks as she pursues you!
Duvessa hits you with a +1 short sword of speed.
* * * LOW HITPOINT WARNING * * *
Duvessa hits you with a +1 short sword of speed!
You die...

.#.#.#.#.#.#.#.#.#.........#
#
...........................#
#
#.#.#.#.#.#.#.#.#.#..#+#####
# .....................# #
.#.#.#.#.#.#.#.#.#...# #
.....................# #
#.#.#.#.#.#.#.#.#.#### #
.............e...## #
.#.#.#.#.#.#.#.#@# #
#.............We.#
#.#.#.#.#.#.#.#.....#
##.............###.##
#.#.#.#.#.#.#.# .#
##...........## #
######........ #########


You could see Duvessa, a phantom and Dowan.

Vanquished Creatures
  A scorpion (D:4)
  3 adders
  2 orcs
  3 ball pythons
  8 endoplasms
  2 giant cockroaches
  4 hobgoblins
  7 jackals
  4 kobolds
  6 bats
  3 goblins
  6 rats
49 creatures vanquished.

Notes
Turn   | Place    | Note
-------+----------+-------------------------------------------
     0 | D:1      | Lyanoward the Gargoyle Fighter began the quest for the Orb.
     0 | D:1      | Reached XP level 1. HP: 14/14 MP: 1/1
   232 | D:1      | Reached XP level 2. HP: 19/19 MP: 2/2
   638 | D:2      | Found a faded altar of an unknown god.
  1034 | D:2      | Found a shadowy altar of Dithmenos.
  1194 | D:2      | Reached XP level 3. HP: 24/24 MP: 3/3
  1379 | D:3      | Reached skill level 4 in Fighting
  1490 | D:3      | Identified the +11 sling "Inuvoel" {elec, Will+ Str+2}
  2040 | D:3      | Reached XP level 4. HP: 30/30 MP: 4/4
  2531 | D:4      | Noticed a scorpion
  2536 | D:4      | Killed a scorpion
  2537 | D:4      | Reached XP level 5. HP: 31/34 MP: 5/5
  2582 | D:4      | Noticed Dowan
  2584 | D:4      | Noticed Duvessa
  2589 | D:4      | Noticed a phantom
  2614 | D:4      | Slain by Duvessa

Illustrated notes

Levels and vault maps discovered:
D:1:      lightli_arrival_boilingwater, layout_loops_ring
D:2:      layout_basic, hellmonk_ecumenical_altar_pennies_from_heaven,
          basic_altar
D:3:      layout_basic, minmay_ruptured
D:4:      layout_basic, nicolae_concentric_dashed_squares_mild, hex_large,
          uniq_duvessa

Skill      XL: |  1  2  3  4 |
---------------+-------------+-----
Fighting       | 4 |  4.6
Maces & Flails | 3 |  3.3
Armour         | |  3.9
Dodging        | |  0.8
Shields        | |  3.5

Action                     |  1- 3 |  4- 6 || total
---------------------------+-------+-------++-------
  Melee: Flail             |   112 |    44 ||   156
  Throw: Boomerang         |    25 |     7 ||    32
    Use: Potion            |       |     1 ||     1
 Armour: Scale mail        |   100 |    47 ||   147
  Dodge: Dodged            |    84 |    29 ||   113
  Block: Buckler           |    22 |     7 ||    29
